Map: Gresvan LE

Players

mclovin - Winner!

  • Race: Terran Terran
  • Spawn Location: 5:00

FIRM

  • Race: Terran Terran
  • Spawn Location: 11:00

VOD

Have the link to the VOD?

Description

A basic rush with 5 barracks TvT

Time

  • Played on: March 18, 2023, 1:54 p.m.
  • Length: 7:11
Show
View Real Time Build Order
Export as new Build Order

mclovin Terran - Winner!

Build Orders:  

Get SALT Encoding   

  12  0:03  SCV  
  13  0:17  Supply Depot  
  13  0:19  SCV  
  14  0:27  Supply Depot  
  14  0:35  SCV  
  15  0:48  SCV  
  16  0:53  Barracks  
  16  1:01  SCV  
  17  1:12  Barracks  
  17  1:14  SCV  
  18  1:22  Refinery  
  18  1:26  SCV  
  19  1:33  Barracks  
  19  1:43  Barracks  
  19  1:52  Refinery  
  19  2:02  Barracks  
  19  2:04  SCV  
  20  2:35  SCV  
  21  2:55  Marine x3  
  21  2:56  Marine x2  
  26  3:07  Supply Depot  
  26  3:09  Supply Depot  
  26  3:18  Supply Depot  
  26  3:20  Supply Depot  
  26  3:23  SCV  
  27  3:28  Marine x5  
  32  3:38  Orbital Command  
  32  3:47  Marine x3  
  32  3:48  Marine  
  36  3:52  Marine  
  37  4:19  Factory  
  37  4:31  SCV, Ghost Academy  
  38  5:05  Marine x2  
  38  5:06  Marine x3  
  43  5:38  Marine x3  
  43  5:39  Marine  
  46  6:04  Marine x5  
  51  6:22  Marine x5  
  54  6:39  Marine x2  
  54  6:40  Marine x3  
Show
View Real Time Build Order
Export as new Build Order

FIRM Terran 

Build Orders:  

Get SALT Encoding   

  12  0:01  SCV  
  13  0:18  SCV  
  13  0:19  Supply Depot  
  14  0:30  SCV  
  15  0:39  Refinery  
  15  0:42  Barracks  
  15  0:53  SCV  
  16  1:06  SCV  
  17  1:18  SCV  
  18  1:24  Refinery  
  18  1:30  Supply Depot, SCV  
  19  1:41  Barracks Reactor  
  19  1:42  SCV  
  20  1:54  SCV  
  21  2:06  SCV  
  22  2:16  Command Center  
  22  2:18  SCV  
  22  2:20  Marine x2  
  25  2:30  SCV  
  26  3:02  Engineering Bay  
  26  3:11  Orbital Command  
  26  3:17  Marine x2  
  28  3:28  Factory  
  28  3:34  Marine  
  28  3:35  Marine  
  28  3:38  SCV  
  31  3:50  SCV  
  31  3:53  SCV  
  33  4:02  SCV  
  34  4:13  Supply Depot  
  34  4:14  SCV  
  35  4:25  Ghost Academy  
  35  4:26  SCV  
  36  4:36  Supply Depot  
  36  4:38  SCV  
  36  4:40  SCV  
  38  4:51  SCV  
  38  4:52  SCV  
  40  4:56  Armory  
  40  4:59  Supply Depot  
  40  5:03  SCV  
  40  5:04  SCV  
  42  5:08  Factory Tech Lab  
  42  5:15  SCV, Command Center  
  42  5:16  SCV  
  44  5:22  Supply Depot  
  44  5:28  SCV  
  44  5:29  Marine x2  
  45  5:45  Armory  
  45  5:46  Marine  
  45  5:47  Marine  
  34  6:04  Marine x2  
  34  6:12  Siege Tank  
  33  6:42  Starport  
  30  7:05  Starport  
Tags
 
Matchup
TvT
Race
Terran
Spawn Locations
Cross Positions
Add a new tag
Caveats
  • Supply blocks, unpowered buildings, or Contaminate may cause inaccurate times.
  • Supply counts are checked every 10 seconds.